 Dungeon Crawl Stone Soup version 0.19.1 (webtiles) character file.

253 Oxelix the Skirmisher (level 6, -1/66 HPs)
             Began as an Ogre Berserker on Dec 24, 2016.
             Was a Believer of Trog.
             Slain by a kobold
             ... wielding a +0 hand axe
              (6 damage)
             ... on level 3 of the Dungeon.
             The game lasted 00:20:35 (3734 turns).

Oxelix the Skirmisher (Ogre Berserker)              Turns: 3734, Time: 00:20:36

Health: -1/66      AC: -1    Str: 25    XL:     6   Next: 14%
Magic:  6/6        EV: 11    Int:  6    God:    Trog [**....]
Gold:   129        SH:  0    Dex:  9    Spells: 0 memorised, 5 levels left

rFire  . . .     SeeInvis .     u - staff of earth
rCold  . . .     Gourm    .     b - +0 animal skin
rNeg   . . .     Faith    .     (no shield)
rPois  .         Spirit   .     (helmet restricted)
rElec  .         Reflect  .     (no cloak)
rCorr  .         Harm     +     (gloves unavailable)
MR     .....                    (boots unavailable)
Stlth  ++........               n - amulet of harm
                                f - ring of stealth
                                d - ring of wizardry

@: corroded
A: unfitting armour, tough skin 1
a: Berserk, Trog's Hand, Burn Spellbooks, Renounce Religion


You were on level 3 of the Dungeon.
You worshipped Trog.
Trog was pleased with you.
You were not hungry.

You visited 1 branch of the dungeon, and saw 3 of its levels.

You collected 129 gold pieces.

Inventory:

Hand Weapons
 a - a +0 falchion
 c - a +2 short sword of freezing
 j - a +0 club
 k - a +4 whip of flaming
 s - a +0 spear
Missiles
 i - 71 sling bullets
 l - 47 bolts
 o - 25 poisoned needles
Armour
 b - a +0 animal skin (worn)
 m - a +0 chain mail
Magical Staves
 u - an uncursed staff of earth (weapon)
Jewellery
 d - a ring of wizardry (left hand)
 f - a ring of stealth (right hand)
 n - an amulet of harm (around neck)
Scrolls
 e - a scroll of blinking
 g - 2 scrolls of fear
 t - a scroll of noise {unknown}
Potions
 h - a potion of lignification
 p - 2 potions of curing
Comestibles
 q - 5 fruits
 r - 5 chunks of flesh


   Skills:
 + Level 5.3 Fighting
 + Level 2.0(2.5) Short Blades
 + Level 2.5(3.0) Long Blades
 + Level 0.3 Maces & Flails
 + Level 3.8 Dodging
 + Level 1.3 Stealth


You had 5 spell levels left.
You didn't know any spells.

Dungeon Overview and Level Annotations

Branches:
Dungeon (3/15)

Altars:
Ashenzari
Elyvilon
Sif Muna
Vehumet

Portals:
Sewer: D:3


Innate Abilities, Weirdness & Mutations

You are too large for most types of armour.
You have tough skin. (AC +1)


Message History

The kobold throws a stone.
The stone closely misses you.
The kobold throws a stone.
The stone hits you but does no damage.
You see here a stone.
The kobold throws a stone.
The stone closely misses you.
The kobold zaps a wand.
The bolt of acid hits you! The acid corrodes you!
You are splashed with acid!
The acid burns!
It is a wand of acid.
You see here a stone.
A frilled lizard comes into view.
The kobold completely misses you.
You hit the kobold but do no damage. The kobold hits you with a hand axe.
You hit the kobold but do no damage. The giant cockroach barely misses you.
The kobold hits you with a hand axe.
You closely miss the kobold. The giant cockroach barely misses you.
The kobold zaps a wand.
The bolt of acid hits you!
You are splashed with acid!
The acid burns!
* * * LOW HITPOINT WARNING * * *
The giant cockroach misses you.
You hit the kobold but do no damage. The giant cockroach barely misses you.
The kobold hits you with a hand axe.
You die...

..... #.# ###########..... .)...
#.# ........ ......#.# ........
......#.# ######## .....###
......#.###......##############..
.......>.........................
............###.........#######..
<...........###..K...... #..
..............(.@sl..... #..
............(((......... #..
...........###.#+####... ###
####.......# #.# ⌠ # #.......#
#.# # #.......# #.# #.###.### #.#
#. #.# #.# #. ... ...


You could see a giant cockroach, a kobold and a frilled lizard.

Vanquished Creatures
  The ghost of Faustar the Slasher, an amateur FoFi (D:3)
  A bullfrog (D:3)
  An ooze (D:1)
  2 worms
  A dart slug (D:2)
  3 leopard geckos
  2 ball pythons (D:3)
  2 giant cockroaches
  4 goblins
  5 hobgoblins
  2 quokkas (D:2)
  8 bats
  6 frilled lizards
  2 kobolds (D:1)
  9 rats
49 creatures vanquished.

Vanquished Creatures (others)
  A bat (D:2)
1 creature vanquished.

Grand Total: 50 creatures vanquished

Notes
Turn   | Place    | Note
-------+----------+-------------------------------------------
     0 | D:1      | Oxelix the Ogre Berserker began the quest for the Orb.
     0 | D:1      | Reached XP level 1. HP: 24/24 MP: 1/1
   187 | D:1      | Reached XP level 2. HP: 32/32 MP: 2/2
  1503 | D:1      | Reached XP level 3. HP: 40/40 MP: 3/3
  1650 | D:2      | Found a radiant altar of Vehumet.
  1668 | D:2      | Reached ** piety under Trog
  1680 | D:2      | Found a shattered altar of Ashenzari.
  2394 | D:2      | Found a shattered altar of Ashenzari.
  2394 | D:2      | Found a white marble altar of Elyvilon.
  2395 | D:2      | Found a deep blue altar of Sif Muna.
  3486 | D:3      | Found a glowing drain.
  3500 | D:3      | Noticed a bullfrog
  3524 | D:3      | Noticed Faustar's ghost (amateur FoFi)
  3526 | D:3      | Killed a bullfrog
  3526 | D:3      | Reached skill level 1 in Short Blades
  3526 | D:3      | Reached skill level 1 in Stealth
  3526 | D:3      | Reached XP level 4. HP: 49/49 MP: 4/4
  3526 | D:3      | Reached XP level 5. HP: 55/55 MP: 5/5
  3600 | D:3      | Killed Faustar's ghost
  3600 | D:3      | Reached skill level 5 in Fighting
  3600 | D:3      | Reached XP level 6. HP: 66/66 MP: 6/6
  3734 | D:3      | Slain by a kobold

Skill      XL: |  1  2  3  4  5 |
---------------+----------------+-----
Dodging        | 3 |  3.8
Short Blades   | 1 2 |  2.0
Stealth        | 1 |  1.3
Fighting       | 5 |  5.3
Long Blades    | |  2.5
Maces & Flails | |  0.3

Action                   |  1- 3 |  4- 6 || total
-------------------------+-------+-------++-------
Melee: Falchion          |    35 |       ||    35
       Short sword       |    80 |       ||    80
       Whip              |     1 |    19 ||    20
       Staff             |       |     4 ||     4
Invok: Berserk           |     2 |     1 ||     3
       Trog's Hand       |     1 |     1 ||     2
  Use: Potion            |     3 |     1 ||     4
       Scroll            |     4 |     2 ||     6
 Stab: Sleeping          |     2 |       ||     2
  Eat: Bread ration      |     2 |       ||     2
       Royal jelly       |     1 |       ||     1
       Chunk             |       |     1 ||     1
Armor: Animal skin       |    40 |     6 ||    46
Dodge: Dodged            |    61 |    21 ||    82
       Rpst.: Falchion   |     6 |       ||     6
